 Dungeon Crawl Stone Soup version 0.25-a0-294-gea9b1ad378 (webtiles) character file.

Game seed: 16379485060513803556, levelgen mode: deterministic

31 Hufflaw the Poker (level 3, 25/29 HPs)
             Began as a Merfolk Berserker on Dec 19, 2019.
             Was a Follower of Trog.
             Quit the game on level 2 of the Dungeon.
             The game lasted 00:07:52 (1543 turns).

Hufflaw the Poker (Merfolk Berserker)               Turns: 1543, Time: 00:07:52

Health: 25/29      AC:  2    Str: 18    XL:     3   Next: 22%
Magic:  3/3        EV: 13    Int:  6    God:    Trog [*.....]
Gold:   71         SH:  0    Dex: 13    Spells: 2/2 levels left

rFire    . . .     SeeInvis .   a - +0 spear
rCold    . . .     Gourm    .   (no shield)
rNeg     . . .     Faith    .   b - +0 animal skin
rPois    .         Spirit   .   (no helmet)
rElec    .         Reflect  .   (no cloak)
rCorr    .         Harm     .   (no gloves)
MR       .....                  (no boots)
Stlth    +.........             (no amulet)
HPRegen  0.09/turn              (no ring)
MPRegen  0.08/turn              (no ring)

@: no status effects
A: change form in water, swift swim, stealthy swim
a: Berserk, Renounce Religion


You were on level 2 of the Dungeon.
You worshipped Trog.
Trog was aware of your devotion.
You were not hungry.

You visited 1 branch of the dungeon, and saw 2 of its levels.

You collected 71 gold pieces.

Inventory:

Hand Weapons
 a - a +0 spear (weapon)
 d - a +0 hand axe
 h - a +0 hunting sling
Missiles
 e - 25 sling bullets
 f - 33 arrows
 g - 23 stones (quivered)
Armour
 b - a +0 animal skin (worn)
Jewellery
 i - an uncursed ring of protection from magic
Scrolls
 m - a scroll of teleportation {unknown}
Potions
 l - 2 potions of lignification {unknown}
Comestibles
 c - a ration


   Skills:
 + Level 3.6 Fighting
 + Level 5.2 Polearms
 + Level 1.4 Armour
 + Level 3.5 Dodging
 + Level 0.1 Stealth


You had 2 spell levels left.
You didn't know any spells.
Your spell library was empty.

Dungeon Overview and Level Annotations

Branches:
Dungeon (2/15)

Altars:


Message History

You hit the kobold but do no damage.
The kobold is heavily wounded.
The kobold closely misses you.
You closely miss the kobold.
The kobold is heavily wounded.
The kobold barely misses you.
You closely miss the kobold.
The kobold is heavily wounded.
The kobold hits you but does no damage.
You hit the kobold.
You kill the kobold!
Trog accepts your kill.
Save game and exit? [Y]es or [N]o only, please.
Save game and exit? [Y]es or [N]o only, please.
Save game and exit?
Okay, then.
Unknown command.
Are you sure you want to abandon this character and quit the game? (Confirm with "yes".)

#.....((♣(♣
....#..
##.......♣ ♣
....#.##
#.......♣♣ .♣
#.......♣♣♣♣♣.♣
#.$...(.(......
#...........##
#..........####
##............#
##.......@...#
#######..)......
#....>####
#.....# #####..#
#... ##.. ..


There were no monsters in sight!

Vanquished Creatures
  2 dart slugs (D:1)
  3 leopard geckos (D:1)
  A goblin (D:1)
  4 hobgoblins (D:1)
  5 jackals
  A bat (D:1)
  A frilled lizard (D:2)
  2 kobolds
  3 rats
22 creatures vanquished.

Notes
Turn   | Place    | Note
-------+----------+-------------------------------------------
     0 | D:1      | Hufflaw the Merfolk Berserker began the quest for the Orb.
     0 | D:1      | Reached XP level 1. HP: 18/18 MP: 1/1
   182 | D:1      | Reached XP level 2. HP: 18/24 MP: 2/2
   212 | D:1      | Reached skill level 5 in Polearms
   231 | D:1      | HP: 1/24 [hobgoblin/+0 club (2)]
   738 | D:1      | Reached XP level 3. HP: 29/29 MP: 3/3
  1543 | D:2      | Quit the game

Levels and vault maps discovered:
D:1:      elethiomel_arrival_maze, layout_basic
D:2:      layout_rooms, chequers_ecumenical_altar_grove,
          kennysheep_generic_room_9

Skill      XL: |  1  2 |
---------------+-------+-----
Dodging        | 3 |  3.5
Polearms       | 5 |  5.2
Fighting       | |  3.6
Armour         | |  1.4
Stealth        | |  0.1

Action                   || total
-------------------------++-------
Melee: Spear             ||    90
  Use: Scroll            ||     4
  Eat: Ration            ||     1
Armor: Animal skin       ||    12
Dodge: Dodged            ||    88

Table legend:
 A = Non-vault XP
 B = Vault XP
 C = Vault XP percentage of total XP
 D = Non-vault monster count
 E = Vault monster count
 F = Vault count percentage of total count
                 A         B        C        D         E       F
            +---------+---------+-------+---------+---------+-------
      Total |      45 |       0 |   0.0 |      22 |       0 |   0.0
            +---------+---------+-------+---------+---------+-------
        D:1 |      34 |       0 |   0.0 |      15 |       0 |   0.0
        D:2 |      11 |       0 |   0.0 |       7 |       0 |   0.0
            +---------+---------+-------+---------+---------+-------
